 Dungeon Crawl Stone Soup version 0.17.1-3-g152610e (webtiles) character file.

113 Nekros the Magician (level 4, -7/24 HPs)
             Began as a Deep Elf Wizard on Apr 26, 2016.
             Killed from afar by Ijyb (13 damage)
             ... with a wand of flame
             ... on level 3 of the Dungeon.
             The game lasted 00:33:36 (3572 turns).

Nekros the Magician (Deep Elf Wizard)               Turns: 3572, Time: 00:33:36

Health: -7/24      AC:  3    Str:  4    XL:     4   Next: 65%
Magic:  1/13       EV: 13    Int: 24    God:
Gold:   186        SH:  0    Dex: 13    Spells: 4 memorised, 6 levels left

rFire  . . .     SeeInvis .     j - +2 short sword (drain)
rCold  . . .     Clarity  .     a - +0 robe
rNeg   . . .     SustAt   .     (no shield)
rPois  .         Gourm    .     b - +0 hat
rElec  .         Spirit   .     (no cloak)
rCorr  .         Warding  .     d - +0 pair of gloves
rMut   .         Stasis   .     (no boots)
MR     .....                    (no amulet)
Stlth  ++........               (no ring)
                                (no ring)

@: not resistant to hostile enchantments, unstealthy
A: no striking features
a: no special abilities


You were on level 3 of the Dungeon.
You were hungry.

You visited 1 branch of the dungeon, and saw 3 of its levels.

You collected 186 gold pieces.

Inventory:

Hand Weapons
 f - a +2 vampiric spear
 j - a +2 short sword of draining (weapon)
 o - a +0 dagger of venom
Armour
 a - a +0 robe (worn)
 b - a +0 hat (worn)
 d - a +0 pair of gloves (worn)
 g - a +0 robe
 k - a +0 robe
 l - a +0 robe
Scrolls
 h - a scroll of teleportation
Potions
 e - a potion of brilliance {unknown}
 n - a potion of invisibility {unknown}
Books
 c - a book of Minor Magic

   Spells                             Type                      Level
   a - Magic Dart                     Conjuration                  1
   b - Blink                          Translocation                2
   c - Call Imp                       Summoning                    2
   d - Repel Missiles                 Charms/Air                   2
   e - Slow                           Hexes                        2
   f - Conjure Flame                  Conjuration/Fire             3
   g - Mephitic Cloud                 Conjuration/Poison/Air       3
Comestibles
 i - a slice of pizza
 m - a meat ration


   Skills:
 + Level 3.3 Dodging
 + Level 3.5 Stealth
 * Level 5.9 Spellcasting
 + Level 2.1 Conjurations
 - Level 1.1 Summonings
 - Level 1.1 Translocations


You had 6 spell levels left.
You knew the following spells:

 Your Spells              Type           Power        Failure   Level  Hunger
a - Magic Dart            Conj           ###.         3%          1    None
b - Blink                 Tloc           N/A          10%         2    None
c - Call Imp              Summ           ##......     10%         2    None
d - Mephitic Cloud        Conj/Pois/Air  ##......     21%         3    #......


Dungeon Overview and Level Annotations

Branches:
Dungeon (3/15)

Altars:

Annotations:
D:3 Ijyb


Message History

Ijyb hits your crimson imp with a dagger.
Your crimson imp hits Ijyb.
Ijyb hits your crimson imp but does no damage.
Your crimson imp blinks!
Casting: Call Imp
Confirm with . or Enter, or press ? or * to list all spells.
Aiming: Magic Dart
Press: ? - help, Shift-Dir - straight line, f/p - Ijyb
Aim: Ijyb, wielding a dagger, wearing a ring mail and carrying a wand of flame {zapped: 5} (severely wounded)
The magic dart hits Ijyb.
Ijyb is severely wounded.
Ijyb hits you but does no damage.
You swap places.
Your crimson imp barely misses Ijyb.
Ijyb closely misses you.
Your crimson imp closely misses Ijyb.
Ijyb zaps a wand.
The puff of flame hits you!
* * * LOW HITPOINT WARNING * * *
Your magical contamination has completely faded away.
Your crimson imp hits Ijyb.
Ijyb zaps a wand.
The puff of flame hits you!
Ouch! That really hurt!
You die...

....#.#.####..#
..........##.>#####$#.#
..........###...5......
#.#........##.#########
#.#........##.# #.#.#.#..#.##.#
#.#.#.#).#.##.#
#.#.#.#..#.##g##########
#.#.#.#......5..@.......
#.#.#.##.#.##.#################
#.#..)...#.##[#...............#
#.#.#.####.#).#.#############.#
#.### #o#.##.# #......#.# #.#
#.#)##.# #.####.#.# #.##
#.#.##.# #.# #.#.# ...#
#.#.##.######.# #.#.# ####
#.#.........# #†#.#


You could see Ijyb and a friendly crimson imp.

Vanquished Creatures
  An orc wizard (D:3)
  2 adders (D:2)
  2 worms (D:2)
  2 giant geckos (D:1)
  2 orcs (D:3)
  A ball python (D:1)
  2 giant cockroaches
  4 goblins
  3 hobgoblins
  A quokka (D:2)
  8 bats
  3 giant newts (D:2)
  6 kobolds
  16 rats
53 creatures vanquished.

Vanquished Creatures (collateral kills)
  2 adders
  3 oozes
  An orc (D:3)
  A giant cockroach (D:2)
  2 hobgoblins (D:2)
  2 kobolds (D:2)
11 creatures vanquished.

Grand Total: 64 creatures vanquished

Notes
Turn   | Place    | Note
--------------------------------------------------------------
     0 | D:1      | Nekros the Deep Elf Wizard began the quest for the Orb.
     0 | D:1      | Reached XP level 1. HP: 10/10 MP: 7/7
   309 | D:1      | Reached XP level 2. HP: 15/15 MP: 5/9
   314 | D:1      | Learned a level 2 spell: Blink
   317 | D:1      | Learned a level 2 spell: Call Imp
  1005 | D:2      | Reached skill level 5 in Spellcasting
  1005 | D:2      | Reached XP level 3. HP: 6/19 MP: 0/11
  1890 | D:2      | Learned a level 3 spell: Mephitic Cloud
  2406 | D:2      | Reached XP level 4. HP: 20/24 MP: 7/13
  3512 | D:3      | Noticed Ijyb
  3572 | D:3      | Killed from afar by Ijyb

Action                   |  1- 3 |  4- 6 || total
-------------------------+-------+-------++-------
Melee: Unarmed           |     4 |       ||     4
       Spear             |    28 |       ||    28
       Short sword       |       |    18 ||    18
 Cast: Magic Dart        |    74 |    26 ||   100
       Blink             |     3 |     1 ||     4
       Call Imp          |    15 |    16 ||    31
       Mephitic Cloud    |     2 |       ||     2
  Use: Scroll            |     2 |     2 ||     4
       Potion            |     1 |       ||     1
 Stab: Distracted        |     1 |       ||     1
  Eat: Bread ration      |     2 |       ||     2
       Chunk             |     3 |       ||     3
